 Dungeon Crawl Stone Soup version 0.31-a0-1363-g282adc679d (webtiles) character file.

Game seed: 4870014632502614030

44074 Ge0ff the Summoner (level 13, -3/93 HPs)
             Began as a Vampire Cinder Acolyte on Dec 23, 2023.
             Was an Elder of Vehumet.
             Slain by a wraith (8 damage)
             ... led by Josephine
             ... on level 4 of the Lair of Beasts on Dec 24, 2023.
             The game lasted 00:48:12 (29015 turns).

Ge0ff the Summoner (Vampire Cinder Acolyte)        Turns: 29015, Time: 00:48:12

Health: -3/93      AC:  2    Str: 13    XL:     13   Next: 94%
Magic:  21/26      EV: 12    Int: 28    God:    Vehumet [****..]
Gold:   1130       SH:  0    Dex:  9    Spells: 7/30 levels left

rFire   + . .        a - staff of conjuration
rCold   . . .        (no shield)
rNeg    . . .        X - +2 robe {rF+}
rPois   +            d - +2 hat {Will+}
rElec   .            l - +1 cloak
rCorr   .            n - +1 pair of gloves of the World {rPois}
SInv    +            (no boots)
Will    ++...        Q - amulet of the acrobat
Stlth   ++           w - +6 ring of intelligence
HPRegen 0.55/turn    V - ring of wizardry {=R}
MPRegen 0.20/turn

%: acrobat, wizardry (x1)
@: corroded, very slightly contaminated, healing quickly, slowed, very slow
A: alive, fangs 3, see invisible, vampiric 2
a: Exsanguinate, Renounce Religion


You were on level 4 of the Lair of Beasts.
You worshipped Vehumet.
Vehumet was greatly pleased with you.
You visited 3 branches of the dungeon, and saw 17 of its levels.

You collected 1130 gold pieces.

Inventory:

Hand Weapons
 b - a +4 short sword
 h - a +1 spear of venom
 u - a +2 whip of electrocution
 y - the +1 rapier "Transmigrator" {vamp, +Blink Dex+3}
   (You found it on level 7 of the Dungeon)

   Dex+3:     It affects your dexterity (+3).
   +Blink:    It lets you blink.
 H - a +3 dagger of freezing
Missiles
 c - 6 datura-tipped darts {=F}
 g - a throwing net {=F}
 s - 5 boomerangs
 v - 9 curare-tipped darts {=F}
 U - 175 stones
 Z - 30 poisoned darts
Armour
 d - a +2 hat of willpower (worn)
 l - a +1 cloak (worn)
 n - the +1 pair of gloves of the World (worn) {rPois}
   (You found it on level 1 of the Lair of Beasts)

   rPois:     It protects you from poison
 D - the +2 robe of Midwinter {rPois Will+++ Regen+ Int-2}
   (You found it on level 4 of the Lair of Beasts)

   Int-2:     It affects your intelligence (-2).
   rPois:     It protects you from poison Will+++: It greatly increases your
   willpower.
   Regen+:    It increases your rate of health regeneration.
 O - the +0 scale mail of Shielding {Will+ Str+2 SInv}
   (You found it on level 4 of the Lair of Beasts)

   Str+2:     It affects your strength (+2).
   Will+:     It increases your willpower.
   SInv:      It lets you see invisible.
 X - a +2 robe of fire resistance (worn)
Magical Staves
 a - a staff of conjuration (weapon)
 p - a staff of fire
 K - a staff of cold
Jewellery
 e - a ring of fire
 r - a ring of poison resistance
 w - a +6 ring of intelligence (left hand)
 G - a ring of flight
 J - a ring of positive energy
 Q - an amulet of the acrobat (around neck)
 V - a ring of wizardry (right hand) {=R}
 Y - a +5 ring of evasion
Wands
 f - a wand of flame (34)
 j - a wand of acid (1)
 k - a wand of iceblast (13)
 P - a wand of polymorph (7)
Scrolls
 i - a scroll of torment {unknown}
 m - 2 scrolls of revelation
 t - 3 scrolls of enchant armour
 B - a scroll of blinking
 C - 3 scrolls of poison
 E - a scroll of fear
 F - 2 scrolls of fog
 S - a scroll of butterflies
 T - 5 scrolls of teleportation
Potions
 o - a potion of ambrosia
 q - 4 potions of curing
 x - a potion of mutation {unknown}
 z - a potion of brilliance
 A - 2 potions of attraction
 I - 2 potions of invisibility
 L - 3 potions of lignification
 M - a potion of might
 N - a potion of cancellation {!q}
 R - 3 potions of resistance
 W - a potion of heal wounds {!q}


   Skills:
 - Level 5.7 Fighting
 - Level 4.0 Short Blades
 - Level 1.0 Throwing
 - Level 1.0 Armour
 - Level 3.0 Dodging
 - Level 2.0 Stealth
 - Level 9.4 Spellcasting
 + Level 4.3 Conjurations
 - Level 7.0 Hexes
 - Level 14.0 Summonings
 - Level 9.3 Fire Magic
 * Level 7.6 Alchemy
 - Level 5.7 Evocations


You had 7 spell levels left.
You knew the following spells:

 Your Spells              Type           Power      Damage    Failure   Level
d - Call Canine Familiar  Summ           75%        N/A       1%          3
j - Mercury Vapours       Alch/Air       68%        N/A       1%          2
s - Summon Cactus Giant   Summ           37%        N/A       1%          6
v - Summon Mana Viper     Hex/Summ       64%        N/A       1%          5
C - Scorch                Fire           100%       2d9       1%          2
E - Irradiate             Conj/Alch      31%        3d22      1%          5

Your spell library contained the following spells:

 Spells                   Type           Power      Damage    Failure   Level
 Volatile Blastmotes      Fire/Tloc      78%        2d16      1%          3
 Summon Small Mammal      Summ           100%       N/A       0%          1
 Call Imp                 Summ           100%       N/A       0%          2
 Freeze                   Ice            52%        1d6       1%          1
 Magic Dart               Conj           100%       1d8       1%          1
 Sandblast                Erth           26%        2d8       1%          1
 Cigotuvi's Dreadful Rot  Necr/Alch/Air  54%        N/A       1%          2
 Jinxbite                 Hex            100%       N/A       1%          2
 Passwall                 Alch/Erth      28%        N/A       1%          2
 Searing Ray              Conj           100%       2d8       1%          2
 Frozen Ramparts          Ice            26%        1d4       1%          3
 Hailstorm                Conj/Ice       38%        3d9       1%          3
 Inner Flame              Hex/Fire       56%        N/A       1%          3
 Sigil of Binding         Hex            51%        N/A       1%          3
 Stone Arrow              Conj/Erth      76%        3d11      1%          3
 Summon Guardian Golem    Hex/Summ       64%        N/A       1%          3
 Tukima's Dance           Hex            51%        N/A       1%          3
 Brom's Barrelling Bould  Conj/Erth      38%        2d6       1%          4
 Fulminant Prism          Conj/Alch      31%        3d16      1%          4
 Alistair's Intoxication  Alch           36%        N/A       1%          5
 Yara's Violent Unravell  Hex/Alch       26%        3d11      1%          5
 Sublimation of Blood     Necr           13%        N/A       2%          2
 Summon Forest            Summ/Tloc      25%        N/A       2%          5
 Eringya's Noxious Bog    Alch           27%        4d6       3%          6
 Dimensional Bullseye     Hex/Tloc       16%        N/A       4%          4
 Summon Hydra             Summ           37%        N/A       4%          7
 Dispel Undead            Necr           13%        3d9       16%         4
 Passage of Golubria      Tloc           13%        N/A       16%         4
 Borgnjor's Vile Clutch   Necr/Erth      6%         N/A       41%         5
 Enfeeble                 Hex            25%        N/A       58%         7
 Death Channel            Necr           6%         N/A       92%         6
 Ignition                 Fire           30%        3d10      45%         8


Dungeon Overview and Level Annotations

Branches:
Dungeon (11/15) Zot: 25643  Temple (1/1) D:5 Zot: 5998    Lair (5/5) D:10 Zot: 20234
 Shoals (0/4) Lair:3       Spider (0/4) Lair:2          Orc (0/2) D:9
  Slime: Lair:4-5

Altars:
Ashenzari
Cheibriados
Dithmenos
Fedhas
Gozag
Hepliaklqana
Kikubaaqudgha
Makhleb
Nemelex Xobeh
Okawaru
Qazlal
Ru
Sif Muna
Trog
Uskayaw
Vehumet
Wu Jian
Xom
Yredelemnul
Jiyva

Shops:
D:3 [

Annotations:
D:10 dig
Lair:4 dig/fire, exclusion: oklob plant
Lair:5 Josephine


Innate Abilities, Weirdness & Mutations

Your natural rate of healing is accelerated.
You have razor-sharp teeth.
You have supernaturally acute eyesight. (SInv)
You are afflicted with vampirism and can become a bat while bloodless.


Message History

You feel a surge of power!
You erupt in a fountain of uncontrolled magic!
The wraith is blasted with magical radiation!
You destroy the wraith!
Vehumet accepts your kill.
You feel yourself speed up.
HP restored.
Magic restored.
Partly explored, can't reach some places.
You start waiting.
Your magical contamination has completely faded away.
Done waiting.
You climb downwards.
Level annotation: Josephine The wraith closely misses you.
The wraith hits you but does no damage. The goliath frog hits you from afar!
The acid corrodes you!
You are splashed with acid!
The wraith hits you. The wraith drains your vigour!
You feel yourself slow down. The wraith hits you.
The wraith drains your vigour!
You feel as though you will be slow longer.
There is a stone staircase leading up, spattered with blood here.
The goliath frog hits you from afar!
You are splashed with acid!
The wraith barely misses you. The wraith hits you.
The wraith drains your vigour!
You feel as though you will be slow longer.
The goliath frog hits you from afar! The acid corrodes you!
You are splashed with acid!
* * * LOW HITPOINT WARNING * * *
You climb upwards.
Level annotation: dig/fire, exclusion: oklob plant
There is a stone staircase leading down here.
Casting: Irradiate (dangerous; 1% risk of failure)
Confirm with . or Enter, or press ? or * to list all spells.
You feel a surge of power!
You erupt in a fountain of uncontrolled magic!
The wraith is blasted with magical radiation!
The wraith is heavily damaged.
The wraith is blasted with magical radiation!
The wraith is heavily damaged.
You are very lightly contaminated with residual magic.
The wraith hits you!
* * * LOW HITPOINT WARNING * * *
The wraith drains your vigour!
You feel as though you will be slow longer.
The wraith hits you!
* * * LOW HITPOINT WARNING * * *
The wraith hits you!
You die...

.#..###....# #....P..# #........#
....###..%####.......# #.......##
##...##...<..........# ##.......#
....###..........#...# #......##
....###...##.##...#..####......P#
.....###..####P..#.....##.......#
##..####..## #...##..####........
##...##....# ##..##..# ##...P....
#....#.....###..@W#..###...##..##
#.........###.#.W#......#...#..#
#.........#####.............#..##
##...##...#..##..##........#....#
.#....#..............####...#...#
#...###...............##....#....
....####...####......P###......##
.....# #...# ##..#...###P..#...##
.#...# #..## #....#.>..##......##


You could see 2 wraiths.

Vanquished Creatures
  A hydra (Lair:4)
  Erica (D:10)
  A skyshark (Lair:4)
  A goliath frog (Lair:5)
  Pikel (D:7)
  Maurice (D:9)
  A cyclops (D:6)
  3 elephants
  A torpor snail (Lair:2)
  6 cane toads
  3 komodo dragons
  An unseen horror (D:11)
  2 kobold demonologists
  3 rime drakes
  10 blink frogs
  A shadow (D:11)
  4 vampires
  16 yaks
  Sigmund (D:3)
  A nameless horror (D:9)
  A spriggan (Lair:2)
  2 fire elementals (Lair:1)
  4 wyverns
  3 wraiths
  A steam dragon (D:5)
  A vampire mosquito (Lair:4)
  8 water moccasins
  An ice beast (D:7)
  7 orc warriors
  3 black bears
  A sky beast (D:5)
  2 wolves (Lair:2)
  3 centaurs
  3 lemures (D:6)
  6 kobold brigands
  2 phantoms
  12 bullfrogs
  4 scorpions
  19 wights
  19 killer bees (D:9)
  2 howler monkeys (D:9)
  3 hounds
  4 orc priests
  2 jellies (D:6)
  2 iguanas
  2 sleepcaps
  17 orc wizards
  Natasha (thrice) (D:3)
  3 adders
  7 gnolls
  2 bombardier beetles
  A white imp (D:5)
  3 ufetubi
  2 worms
  A dart slug (D:3)
  33 orcs
  6 bats
  4 endoplasms
  5 giant cockroaches
  4 hobgoblins
  4 jackals (D:2)
  13 kobolds
  3 quokkas
  8 ball pythons
  2 frilled lizards (D:1)
  5 goblins
  3 rats
305 creatures vanquished.

Vanquished Creatures (collateral kills)
  A two-headed ogre (D:11)
  13 elephants
  2 black mambas (Lair:5)
  11 cane toads
  5 komodo dragons
  4 polar bears
  15 blink frogs
  4 culicivoras (Lair:2)
  28 yaks
  5 wyverns
  8 fire elementals
  2 basilisks
  2 vampire mosquitoes (Lair:5)
  6 water moccasins
  2 centaurs (D:11)
  10 wolves (Lair:2)
  5 bullfrogs
  A howler monkey (D:9)
  2 orc priests (D:9)
  2 orc wizards
  5 hell rats (Lair:3)
  5 orcs
138 creatures vanquished.

Vanquished Creatures (others)
  A blink frog (Lair:2)
  131 foxfires
132 creatures vanquished.

Grand Total: 575 creatures vanquished

Notes
Turn   | Place    | Note
-------+----------+-------------------------------------------
     0 | D:1      | Ge0ff the Vampire Cinder Acolyte began the quest for the
                  | Orb.
     0 | D:1      | Reached XP level 1. HP: 17/17 MP: 2/2
   259 | D:1      | Reached skill level 1 in Stealth
   259 | D:1      | Reached XP level 2. HP: 22/23 MP: 3/3
   382 | D:1      | Learned a level 2 spell: Scorch
  1065 | D:2      | Gained mutation: You are afflicted with vampirism and can
                  | become a bat while bloodless. [Vampire growth]
  1065 | D:2      | Reached XP level 3. HP: 28/28 MP: 0/5
  2019 | D:3      | Reached XP level 4. HP: 33/35 MP: 2/6
  2073 | D:3      | Found Vyitis's Antique Armour Shop.
  2230 | D:3      | Noticed Natasha
  2236 | D:3      | Killed Natasha
  2326 | D:3      | Found an ancient bone altar of Kikubaaqudgha.
  2579 | D:3      | Noticed Sigmund
  2585 | D:3      | Killed Sigmund
  2586 | D:3      | Reached XP level 5. HP: 33/41 MP: 1/9
  2661 | D:3      | Found an iron altar of Okawaru.
  2719 | D:3      | Noticed Natasha
  2723 | D:3      | Killed Natasha
  2724 | D:3      | Reached XP level 6. HP: 46/47 MP: 5/10
  3043 | D:3      | Found an ancient bone altar of Kikubaaqudgha.
  3124 | D:3      | Found Vyitis's Antique Armour Shop.
  3128 | D:3      | Noticed Natasha
  3136 | D:3      | Killed Natasha
  3273 | D:3      | Found an iron altar of Okawaru.
  3821 | D:4      | Reached skill level 5 in Fire Magic
  4488 | D:4      | Found a hazy altar of Hepliaklqana.
  4628 | D:5      | Entered Level 5 of the Dungeon
  4639 | D:5      | Reached XP level 7. HP: 51/52 MP: 6/11
  4749 | D:5      | Found a snail-covered altar of Cheibriados.
  4772 | D:5      | Found a shadowy altar of Dithmenos.
  5217 | D:5      | Found a burning altar of Makhleb.
  5484 | D:5      | Found a stormy altar of Qazlal.
  5573 | D:5      | Found an opulent altar of Gozag.
  5920 | D:5      | Found a staircase to the Ecumenical Temple.
  5926 | Temple   | Entered the Ecumenical Temple
  5979 | D:6      | Noticed a steam dragon
  5987 | D:5      | Killed a steam dragon
  6072 | D:5      | Reached XP level 8. HP: 41/58 MP: 5/12
  6247 | D:6      | Reached skill level 1 in Armour
  6247 | D:6      | Reached skill level 1 in Dodging
  6247 | D:6      | Reached skill level 1 in Evocations
  6551 | D:6      | Noticed a cyclops
  6560 | D:6      | Killed a cyclops
  6787 | D:6      | Reached XP level 9. HP: 63/63 MP: 4/15
  7431 | D:7      | Noticed Pikel
  7744 | D:7      | Killed Pikel
  7860 | D:7      | Found an ornate altar of the Wu Jian Council.
  7888 | D:7      | Identified the +0 leather armour "Nyrov" {Dex+4}
  8654 | D:7      | Reached skill level 5 in Evocations
  8657 | D:7      | Reached skill level 1 in Throwing
  9011 | D:7      | Identified the +1 rapier "Transmigrator" {vamp, +Blink
                  | Dex+3}
  9235 | D:7      | Noticed a kobold demonologist
  9240 | D:7      | Noticed a red devil
  9240 | D:7      | Killed a kobold demonologist
  9241 | D:7      | Reached skill level 5 in Spellcasting
  9241 | D:7      | Reached XP level 10. HP: 67/73 MP: 11/17
  9400 | D:8      | Reached skill level 5 in Fighting
 10877 | D:8      | Found a sparkling altar of Nemelex Xobeh.
 11820 | D:8      | Found a sparkling altar of Nemelex Xobeh.
 12377 | D:9      | Found a staircase to the Orcish Mines.
 12636 | D:9      | Noticed Maurice
 12941 | D:8      | Reached skill level 1 in Summonings
 12992 | D:9      | Learned a level 3 spell: Call Canine Familiar
 13160 | D:9      | Reached skill level 3 in Summonings
 13576 | D:9      | Killed Maurice
 13577 | D:9      | Reached skill level 4 in Summonings
 13962 | D:9      | Found a radiant altar of Vehumet.
 14028 | D:9      | Found a hide-covered altar of Uskayaw.
 14128 | D:9      | Reached skill level 5 in Summonings
 14235 | D:9      | Reached XP level 11. HP: 79/79 MP: 11/23
 14498 | D:9      | Reached skill level 6 in Summonings
 14772 | D:9      | Found a broken altar of Ashenzari.
 15238 | D:9      | Found a staircase to the Orcish Mines.
 15283 | D:9      | Found a hide-covered altar of Uskayaw.
 15460 | D:9      | Found a broken altar of Ashenzari.
 15509 | D:9      | Found a radiant altar of Vehumet.
 15666 | D:10     | Entered Level 10 of the Dungeon
 15839 | D:10     | Reached skill level 7 in Summonings
 16071 | D:9      | Learned a level 5 spell: Summon Mana Viper
 16078 | D:9      | Learned a level 6 spell: Summon Cactus Giant
 16173 | D:9      | Reached skill level 1 in Hexes
 16451 | D:10     | Found a shimmering altar of Xom.
 16451 | D:10     | Found a shimmering altar of Xom.
 16733 | D:10     | Found a shimmering altar of Xom.
 16733 | D:10     | Found a shimmering altar of Xom.
 16733 | D:10     | Found a shimmering altar of Xom.
 16737 | D:10     | Found a shimmering altar of Xom.
 16855 | D:10     | Reached skill level 8 in Summonings
 17243 | D:10     | Found a staircase to the Lair.
 17310 | D:10     | Noticed Erica
 17319 | D:10     | Killed Erica
 17549 | D:10     | Found a staircase to the Lair.
 17722 | D:10     | Found a shimmering altar of Xom.
 17722 | D:10     | Found a shimmering altar of Xom.
 17724 | D:10     | Found a shimmering altar of Xom.
 17724 | D:10     | Found a shimmering altar of Xom.
 17725 | D:10     | Found a shimmering altar of Xom.
 17726 | D:10     | Found a shimmering altar of Xom.
 17965 | D:11     | Reached skill level 9 in Summonings
 18021 | D:10     | Reached skill level 5 in Hexes
 18686 | D:11     | Noticed a two-headed ogre
 18691 | D:11     | Killed a two-headed ogre
 19259 | D:9      | Fell from the grace of Ignis
 19259 | D:9      | Became a worshipper of Vehumet
 19307 | Lair:1   | Entered Level 1 of the Lair of Beasts
 19616 | Lair:1   | Reached skill level 10 in Summonings
 19616 | Lair:1   | Reached XP level 12. HP: 85/86 MP: 6/25
 19899 | Lair:1   | You fall into a shaft and drop 1 floor!
 20246 | Lair:2   | Reached skill level 11 in Summonings
 20616 | Lair:1   | You fall into a shaft and drop 1 floor!
 21629 | Lair:1   | Identified the +1 pair of gloves of the World {rPois}
 22627 | Lair:2   | Reached skill level 12 in Summonings
 22722 | Lair:2   | Reached * piety under Vehumet
 22722 | Lair:2   | Offered knowledge of Foxfire by Vehumet.
 23111 | Lair:2   | You fall into a shaft and drop 2 floors!
 23122 | Lair:4   | Reached skill level 13 in Summonings
 23214 | Lair:4   | You fall into a shaft and drop 1 floor!
 23214 | Lair:5   | Entered Level 5 of the Lair of Beasts
 23214 | Lair:5   | Was forgiven by Ignis
 23551 | Lair:5   | Reached skill level 14 in Summonings
 23596 | Lair:5   | Reached XP level 13. HP: 91/91 MP: 17/26
 23618 | Lair:5   | Reached skill level 1 in Conjurations
 23636 | Lair:4   | Reached ** piety under Vehumet
 23740 | Lair:4   | Offered knowledge of Momentum Strike by Vehumet.
 24202 | Lair:2   | Offered knowledge of Mercury Vapours by Vehumet.
 24206 | Lair:2   | Learned a level 2 spell: Mercury Vapours
 24384 | Lair:2   | Learned a level 5 spell: Irradiate
 24476 | Lair:2   | Reached *** piety under Vehumet
 24477 | Lair:2   | Reached skill level 1 in Alchemy
 24579 | Lair:2   | Found a hole to the Spider Nest.
 25006 | Lair:2   | Found a hole to the Spider Nest.
 25965 | Lair:3   | Found a staircase to the Shoals.
 27315 | Lair:4   | Reached skill level 5 in Alchemy
 27499 | Lair:4   | Identified the +2 robe of Midwinter {rPois Will+++ Regen+
                  | Int-2}
 27511 | Lair:4   | Offered knowledge of Volatile Blastmotes by Vehumet.
 27660 | Lair:4   | Identified the +0 scale mail of Shielding {Will+ Str+2
                  | SInv}
 28056 | Lair:4   | Found a viscous altar of Jiyva.
 28873 | Lair:5   | Noticed Josephine
 28879 | Lair:4   | Reached **** piety under Vehumet
 29015 | Lair:4   | Slain by a wraith

Illustrated notes

Levels and vault maps discovered:
D:1:      lightli_arrival_isolated_outpost, layout_basic,
          chequers_serial_rivers_room_b
D:2:      layout_basic
D:3:      layout_basic, nicolae_kikubaaqudgha_miasma_corner,
          okawaru_ov_weapons_minmay, serial_shops, shop, nicolae_the_louvre,
          uniq_sigmund, uniq_natasha
D:4:      layout_basic, worldfamousw_hep_ancestral_shrine, skrybe_limestone_x,
          minmay_liquid_box
D:5:      layout_loops_ring, mainiacjoe_overflow_cross_hatched,
          grunt_qazlal_clouds, general_overflow_altar,
          mainiacjoe_overflow_catwalk_spiral, minmay_temple_entry_fiery,
          serial_library, serial_library_hellmonk_u_bend,
          serial_library_hellmonk_small_alcove,
          serial_library_hellmonk_big_corner,
          serial_library_hellmonk_open_square,
          serial_library_hellmonk_hallway_b,
          serial_library_hellmonk_recessed_alcove
D:6:      layout_rooms, minmay_bent
D:7:      layout_basic, lemuel_round_altar, mainiacjoe_overflow_paths,
          serial_corexii_hall, chequers_hall_statues_corner_a,
          corexii_hall_statues_x, chequers_serial_rivers_large_b,
          serial_library_hellmonk_metal_room, uniq_pikel
D:8:      layout_basic, nicolae_overflow_hidden_temple
D:9:      minmay_thinvault, layout_long_grid, mainiacjoe_overflow_divided_tiny,
          mainiacjoe_overflow_surrounded_room, mainiacjoe_overflow_catwalk,
          orc_0_dummy, uniq_maurice
D:10:     layout_cave_pools, xom_shifter_show, due_lair_maze_entry_diamond,
          uniq_erica
D:11:     layout_cross
Temple:   hellmonk_temple_two_chambers
Lair:1:   layout_cellular_growth, nicolae_quartered_pool_impasse
Lair:2:   layout_cave_pods, hellmonk_spider_entry_life_and_decay,
          grunt_forest_large_clearing_hut, lemuel_fruit_tree
Lair:3:   layout_cave_pods, elwin_shoals_entry_rocks, grunt_megastairs_1,
          serial_bayou_shore_a, infiniplex_staircase_pool_2
Lair:4:   layout_long_grid, minmay_slime_entry_oklob_enclosed,
          grunt_forest_small_clearing_treed, serial_bayou_shore_b
Lair:5:   minmay_lair_end_frog_pond, layout_hall_layers, basic_altar,
          portal_ice_cave_entry_pillars_1, serial_bayou_pond_b,
          dreamdust_gnoll_shepherd, uniq_josephine

Skill      XL: |  1  2  3  4  5  6  7  8  9 10 11 12 13 |
---------------+----------------------------------------+-----
Stealth        | 1 2 |  2.0
Fighting       | 3 4 5 |  5.7
Short Blades   | 4 |  4.0
Spellcasting   | 3 4 5 8 9 |  9.4
Fire Magic     | 4 5 7 8 9 |  9.3
Armour         | 1 |  1.0
Dodging        | 3 |  3.0
Evocations     | 3 5 |  5.7
Throwing       | 1 |  1.0
Summonings     | 5 10 14 | 14.0
Hexes          | 6 7 |  7.0
Conjurations   | 4 |  4.3
Alchemy        | 7 |  7.6

Action                     |  1- 3 |  4- 6 |  7- 9 | 10-12 | 13-15 || total
---------------------------+-------+-------+-------+-------+-------++-------
  Melee: Short sword       |    83 |     2 |    30 |     7 |       ||   122
         Bite              |     6 |     1 |     2 |     5 |     3 ||    17
         Staff             |       |       |       |    26 |    21 ||    47
   Cast: Scorch            |    19 |    42 |   142 |   323 |    26 ||   552
         Call Canine Famil |       |       |       |    43 |    11 ||    54
         Summon Mana Viper |       |       |       |    31 |    17 ||    48
         Summon Cactus Gia |       |       |       |    27 |    28 ||    55
         Irradiate         |       |       |       |       |    26 ||    26
         Mercury Vapours   |       |       |       |       |     3 ||     3
 Invoke: Foxfire Swarm     |     1 |     3 |     1 |     3 |       ||     8
         Fiery Armour      |       |       |     1 |       |       ||     1
  Evoke: Wand              |       |       |    12 |    30 |       ||    42
    Use: Scroll            |     6 |     2 |     6 |    15 |     1 ||    30
         Potion            |       |       |     3 |     2 |       ||     5
   Stab: Sleeping          |     2 |       |       |       |       ||     2
         Paralysed         |       |       |       |     7 |       ||     7
         Distracted        |       |       |       |       |     1 ||     1
 Armour: Robe              |    50 |    10 |    63 |   244 |    82 ||   449
  Dodge: Dodged            |    41 |    14 |    63 |   186 |    59 ||   363

Table legend: (Time is in decaauts)
 A = Elapsed time spent in this place.
 B = Non-inter-level travel time spent in this place.
 C = Inter-level travel time spent in this place.
 D = Time resting spent in this place.
 E = Time spent auto-exploring this place.
 F = Levels seen in this place.
 G = Mean time per level.
                   A        B        C        D        E       F      G
               +--------+--------+--------+--------+--------+-----+--------+
         Total |  29184 |  28037 |   1147 |   4210 |  20176 |  17 | 1716.7 |
       Dungeon |  19420 |  18530 |    890 |   1515 |  14635 |  11 | 1765.5 |
        Temple |      1 |      1 |      0 |      0 |      0 |   1 |    1.0 |
          Lair |   9762 |   9505 |    257 |   2695 |   5541 |   5 | 1952.4 |
               +--------+--------+--------+--------+--------+-----+--------+

Top non-repeatable levels by time:
     D:9: 3950 daAuts
  Lair:2: 2714 daAuts
  Lair:1: 2608 daAuts
     D:8: 2602 daAuts
  Lair:4: 2407 daAuts
     D:7: 2384 daAuts
     D:5: 1795 daAuts
     D:3: 1771 daAuts
    D:10: 1695 daAuts
  Lair:3: 1564 daAuts
     D:6: 1344 daAuts
     D:1: 1058 daAuts
    D:11: 1015 daAuts
     D:4: 907 daAuts
     D:2: 895 daAuts
